 Dungeon Crawl Stone Soup version 0.26-a0-1013-gf6ffb0d6bd (webtiles) character file.

Game seed: 16005165127345481066

14934 lunkers the Cleaver (level 12, -6/115 HPs)
             Began as a Hill Orc Fighter on Dec 8, 2020.
             Was a Priest of Wu Jian.
             Mangled by a shadow wraith (8 damage)
             ... on level 2 of the Abyss.
             The game lasted 00:23:11 (12940 turns).

lunkers the Cleaver (Hill Orc Fighter)             Turns: 12940, Time: 00:23:12

Health: -6/115     AC: 17    Str: 24    XL:     12   Next: 21%
Magic:  0/21       EV:  6    Int:  8    God:    Wu Jian [***...]
Gold:   815        SH: 13    Dex: 10    Spells: 11/11 levels left

rFire    . . .     SeeInvis .   d - +4 hand axe (vorpal)
rCold    . . .     Faith    .   c - +0 kite shield
rNeg     . . .     Spirit   +   L - +0 plate armour
rPois    .         Reflect  .   g - +0 helmet
rElec    .         Harm     .   A - +1 cloak
rCorr    .         Rampage  .   f - +0 pair of gloves
Will     .....                  C - +0 pair of boots
Stlth    ..........             D - amulet of guardian spirit
HPRegen  0.29/turn              j - ring of magical power
MPRegen  0.17/turn              (no ring)

@: slowed, very slow
A: no striking features
a: Wall Jump, Serpent's Lash, Renounce Religion


You were on level 2 of the Abyss.
You worshipped Wu Jian.
Wu Jian was most pleased with you.
You visited 2 branches of the dungeon, and saw 11 of its levels.
You visited the Abyss 1 time.
You also visited: Bailey.

You collected 815 gold pieces.

Inventory:

Hand Weapons
 a - a +0 war axe of venom
 d - a +4 vorpal hand axe (weapon)
Armour
 c - a +0 kite shield (worn)
 f - a +0 pair of gloves (worn)
 g - a +0 helmet (worn)
 A - a +1 cloak (worn)
 C - a +0 pair of boots (worn)
 L - a +0 plate armour (worn)
Jewellery
 j - a ring of magical power (left hand)
 D - an amulet of guardian spirit (around neck)
 H - an uncursed ring of ice
 M - an uncursed ring of magical power
Wands
 e - a wand of flame (22)
 t - a wand of acid (5)
 y - a wand of polymorph (12)
 z - a wand of iceblast (3)
Scrolls
 b - a scroll of holy word {unknown}
 h - 2 scrolls of teleportation
 i - 4 scrolls of remove curse
 k - 4 scrolls of enchant armour
 m - 2 scrolls of magic mapping
 o - a scroll of vulnerability {unknown}
 q - a scroll of noise {unknown}
 r - 3 scrolls of enchant weapon
 E - a scroll of brand weapon
 F - 2 scrolls of random uselessness {unknown}
 G - 3 scrolls of fog
Potions
 l - 3 potions of brilliance
 n - 6 potions of lignification
 p - 3 potions of magic
 s - a potion of attraction {unknown}
 u - 2 potions of cancellation
 v - 5 potions of curing
 w - a potion of invisibility {unknown}
 x - a potion of heal wounds {unknown}
 B - 3 potions of flight {unknown}
 K - 4 potions of haste
Miscellaneous
 I - a lightning rod (4/4)
 J - a phantom mirror


   Skills:
 + Level 13.6 Fighting
 - Level 14.0 Axes
 - Level 3.2 Armour
 + Level 12.6 Shields


You had 11 spell levels left.
You didn't know any spells.
Your spell library contained the following spells:

 Spells                   Type           Power        Failure   Level
 Sandblast                Erth           #.....       100%        1
 Passwall                 Tmut/Erth      #.......     100%        2
 Stone Arrow              Conj/Erth      #.....       100%        3
 Petrify                  Tmut/Erth      #.......     100%        4
 Lee's Rapid Deconstruct  Erth           #.........   100%        5


Dungeon Overview and Level Annotations

Branches:
Dungeon (10/15)            Temple (1/1) D:6          Bailey (visited)
   Lair: D:8-11         Orc: D:9-12

Altars:
Ashenzari
Cheibriados
Dithmenos
Elyvilon
Fedhas
Gozag
Hepliaklqana
Kikubaaqudgha
Makhleb
Nemelex Xobeh
Okawaru
Qazlal
Ru
Sif Muna
Trog
Uskayaw
Vehumet
Wu Jian
Xom
Yredelemnul
Zin
The Shining One

Shops:
D:5 :   D:6 [

Annotations:
D:7 3 runed translucent doors, R007833r's ghost, novice SpEn
D:10 Erolcha


Message History

Unknown command.
Unknown command.
Your plate armour prevents you from hitting something.
Something hits you.
* * * LOW MAGIC WARNING * * *
* * * LOW HITPOINT WARNING * * *
Something drains your vigour!
You feel as though you will be slow longer.
You closely miss something. You block something's attack.
Unknown command.
You barely miss something. Something hits you but does no damage.
Unknown command.
You closely miss something. Something hits you.
* * * LOW MAGIC WARNING * * *
* * * LOW HITPOINT WARNING * * *
Something drains your vigour!
You feel as though you will be slow longer.
You hit something. Something hits you!
* * * LOW MAGIC WARNING * * *
You die...

# ..#.. # # ..
.#.#### .. # .
. # . #..# ..
.#.# .#.##..##.
### #. #......
# . #.# .....#
## .#...#..#.#
.##..##..##..##
.......@.......
......{........
.##..##..##..##
#.#.#### ยง.#
.. . #. .# .. #
.. .#.


There were no monsters in sight!

Vanquished Creatures
  Josephine (D:10)
  Fannar (D:10)
  3 two-headed ogres
  Nergalle (D:10)
  A spatial maelstrom (Abyss:2)
  2 unseen horrors
  A worldbinder (Abyss:2)
  Joseph (D:10)
  Psyche (D:9)
  A troll (D:9)
  Grinder (D:3)
  3 raiju (Abyss:2)
  A shadow (Abyss:2)
  Sigmund (D:3)
  4 wraiths (D:10)
  Grum (D:9)
  A neqoxec (Abyss:2)
  A spatial vortex (Abyss:2)
  A water moccasin (D:9)
  A hornet zombie (D:10)
  3 phantoms
  3 ice beasts
  9 orc warriors
  A small abomination (Abyss:2)
  4 sky beasts
  2 black bears
  6 ogres
  5 centaurs
  4 wolves (D:9)
  2 big kobolds
  Blork the orc (D:4)
  2 bullfrogs
  2 wyvern zombies (D:10)
  6 scorpions
  3 killer bees (D:9)
  6 wights
  6 howler monkeys
  2 bullfrog zombies (D:5)
  3 centaur zombies
  2 jellies
  3 orc priests
  3 hounds
  2 bullfrog skeletons
  2 centaur skeletons
  11 orc wizards
  Crazy Yiuf (D:6)
  Jessica (D:3)
  4 iguanas
  4 worker ants
  Natasha (thrice) (D:3)
  3 hound skeletons (D:5)
  A worker ant zombie (D:7)
  Robin (D:3)
  2 howler monkey zombies (D:10)
  13 gnolls
  17 adders
  A howler monkey skeleton (D:10)
  4 white imps
  An ufetubus (D:6)
  An ooze (D:2)
  An adder skeleton (D:9)
  2 worms (D:4)
  A dart slug (D:2)
  4 leopard geckos
  32 orcs
  A ball python (D:3)
  7 giant cockroaches
  16 hobgoblins
  3 quokkas
  7 bats
  8 frilled lizards
  19 goblins
  16 kobolds
  2 leopard gecko skeletons
  2 leopard gecko zombies (D:8)
  2 quokka skeletons (D:8)
  3 rats
304 creatures vanquished.

Vanquished Creatures (others)
  21 plants
21 creatures vanquished.

Grand Total: 325 creatures vanquished

Notes
Turn   | Place    | Note
-------+----------+-------------------------------------------
     0 | D:1      | lunkers the Hill Orc Fighter began the quest for the Orb.
     0 | D:1      | Reached XP level 1. HP: 19/19 MP: 1/1
   225 | D:1      | Reached skill level 3 in Axes
   285 | D:1      | Reached XP level 2. HP: 27/27 MP: 2/2
   849 | D:2      | Reached XP level 3. HP: 33/33 MP: 3/3
   855 | D:2      | Reached skill level 4 in Axes
  1253 | D:2      | Reached XP level 4. HP: 39/40 MP: 4/4
  1741 | D:2      | Found a burning altar of Makhleb.
  1741 | D:2      | Noticed a green death
  1808 | D:3      | Noticed Natasha
  1816 | D:3      | Reached skill level 5 in Axes
  1820 | D:3      | Killed Natasha
  1821 | D:3      | Reached XP level 5. HP: 18/47 MP: 5/5
  2047 | D:3      | Noticed Robin
  2083 | D:3      | Killed Robin
  2349 | D:3      | Noticed Natasha
  2361 | D:3      | Killed Natasha
  2458 | D:3      | Noticed Natasha
  2468 | D:3      | Killed Natasha
  2651 | D:3      | Noticed Sigmund
  2716 | D:3      | Killed Sigmund
  2717 | D:3      | Reached skill level 5 in Fighting
  2717 | D:3      | Reached skill level 6 in Axes
  2717 | D:3      | Reached XP level 6. HP: 22/56 MP: 6/6
  3067 | D:3      | Noticed Jessica
  3074 | D:3      | Killed Jessica
  3075 | D:3      | Reached skill level 7 in Axes
  3075 | D:3      | Reached skill level 5 in Shields
  3075 | D:3      | Reached XP level 7. HP: 61/61 MP: 7/7
  3077 | D:3      | Noticed Grinder
  3591 | D:3      | Killed Grinder
  3592 | D:3      | Reached skill level 8 in Axes
  4108 | D:4      | Noticed Blork the orc
  4115 | D:4      | Killed Blork the orc
  4285 | D:4      | Reached XP level 8. HP: 71/71 MP: 8/8
  4412 | D:4      | Found a basalt altar of Yredelemnul.
  4790 | D:5      | Entered Level 5 of the Dungeon
  4805 | D:5      | Reached skill level 9 in Axes
  5280 | D:5      | Reached skill level 10 in Axes
  5513 | D:5      | Found Ennef Dosch's Book Emporium.
  6021 | D:6      | Reached XP level 9. HP: 75/79 MP: 9/9
  6202 | D:6      | Reached skill level 11 in Axes
  6587 | D:6      | Found Buhoaning's Armour Boutique.
  7016 | D:6      | Found a staircase to the Ecumenical Temple.
  7038 | Temple   | Entered the Ecumenical Temple
  7568 | D:6      | Found a runed translucent door.
  7569 | D:6      | Noticed Crazy Yiuf
  7794 | D:6      | Killed Crazy Yiuf
  8528 | D:7      | Found a runed translucent gate.
  8529 | D:7      | Found a runed translucent gate.
  8529 | D:7      | Noticed R007833r's ghost (novice SpEn)
  8530 | D:7      | Found a runed translucent gate.
  8603 | D:8      | Reached skill level 12 in Axes
  8847 | D:8      | Reached XP level 10. HP: 86/90 MP: 10/10
  8926 | Temple   | Became a worshipper of the Wu Jian Council
  9032 | D:8      | Found a flagged portal.
  9042 | Bailey   | Entered a bailey
  9313 | Bailey   | Reached skill level 13 in Axes
  9931 | D:9      | Noticed Grum
  9942 | D:9      | Killed Grum
  9950 | D:9      | Reached * piety under Wu Jian
  9965 | D:9      | Killed an unseen horror
 10231 | D:9      | Noticed a +0 dagger
 10256 | D:9      | Reached skill level 10 in Fighting
 10256 | D:9      | Reached skill level 14 in Axes
 10276 | D:9      | Found a stormy altar of Qazlal.
 10287 | D:9      | Noticed Psyche
 10298 | D:9      | Killed Psyche
 10447 | D:9      | Found a hide-covered altar of Uskayaw.
 10467 | D:9      | Found a blossoming altar of Fedhas.
 10647 | D:9      | Reached ** piety under Wu Jian
 10777 | D:9      | Found a glowing golden altar of the Shining One.
 10777 | D:9      | Found a snail-covered altar of Cheibriados.
 10778 | D:9      | Found an iron altar of Okawaru.
 10791 | D:9      | Reached skill level 10 in Shields
 10791 | D:9      | Reached XP level 11. HP: 101/101 MP: 11/11
 10903 | D:9      | Noticed a two-headed ogre
 10910 | D:9      | Killed a two-headed ogre
 10984 | D:9      | Noticed a +0 dagger
 11074 | D:10     | Entered Level 10 of the Dungeon
 11103 | D:10     | Noticed a two-headed ogre
 11113 | D:10     | Killed a two-headed ogre
 11257 | D:10     | Noticed Josephine
 11276 | D:10     | Killed Josephine
 11476 | D:10     | Noticed Joseph
 11493 | D:10     | Killed Joseph
 11525 | D:10     | Noticed Fannar
 11552 | D:10     | Killed Fannar
 11765 | D:10     | Noticed Nergalle
 11766 | D:10     | Noticed a spectral orc warlord
 11791 | D:10     | Killed Nergalle
 12310 | D:10     | Killed an unseen horror
 12321 | D:10     | Reached *** piety under Wu Jian
 12400 | D:10     | Noticed a two-headed ogre
 12414 | D:10     | Killed a two-headed ogre
 12415 | D:10     | Reached XP level 12. HP: 66/115 MP: 12/12
 12617 | D:10     | Noticed Erolcha
 12621 | D:10     | Cast into level 2 of the Abyss (Erolcha)
 12827 | Abyss:2  | Noticed a rakshasa
 12936 | Abyss:2  | HP: 4/115 [something (4)]
 12940 | Abyss:2  | Mangled by a shadow wraith

Illustrated notes

Levels and vault maps discovered:
D:1:      roderic_crop_circles_arrival_small, layout_basic
D:2:      layout_loops_ring, makhleb_altar_promises_db
D:3:      layout_basic, uniq_jessica, uniq_robin, uniq_grinder, uniq_sigmund,
          uniq_natasha
D:4:      layout_basic, yredelemnul_altar_generic,
          hangedman_abyss_or_decor_slice, uniq_blork_the_orc
D:5:      layout_loops_ring, serial_shops, kennysheep_little_box
D:6:      layout_layer_cave, minmay_temple_entry_gardened_gates, serial_shops,
          kennysheep_mini, kennysheep_generic_room_5, uniq_crazy_yiuf_cottage
D:7:      layout_rooms, gammafunk_ghost_nasty_kobolds, st_stairs_1
D:8:      cheibrodos_helix_gallery, layout_cave_pools, enter_bailey_6,
          minmay_chambers_of_fives
D:9:      layout_basic, lemuel_doored_altar, gammafunk_temple_overflow_claw,
          dancing_weapons_uskayaw, basic_altar, uniq_grum, uniq_psyche
D:10:     layout_loops_ring, uniq_josephine, uniq_erolcha, uniq_urug,
          uniq_fannar, uniq_nergalle, uniq_joseph
Temple:   eino_temple_rhombus
Abyss:2:  base: D:5, hangedman_abyss_or_decor_stabs

Skill      XL: |  1  2  3  4  5  6  7  8  9 10 11 |
---------------+----------------------------------+-----
Axes           | 3 4 5 6 7 8 10 12 14 | 14.0
Fighting       | 4 5 6 7 8 10 13 | 13.6
Shields        | 4 5 6 8 10 12 | 12.6
Armour         | |  3.2

Action                   |  1- 3 |  4- 6 |  7- 9 | 10-12 || total
-------------------------+-------+-------+-------+-------++-------
Melee: War axe           |    98 |   139 |     1 |       ||   238
       Hand axe          |       |       |   402 |   577 ||   979
Invok: Lunge             |       |       |       |    28 ||    28
Evoke: Wand              |       |       |       |     5 ||     5
       Lightning rod     |       |       |       |     2 ||     2
  Use: Potion            |       |     2 |       |       ||     2
       Scroll            |       |       |    13 |     4 ||    17
 Stab: Distracted        |       |       |       |     1 ||     1
Armor: Scale mail        |    39 |    50 |    87 |    62 ||   238
       Ring mail         |       |       |    10 |       ||    10
       Plate armour      |       |       |       |   196 ||   196
Dodge: Dodged            |    37 |    33 |    77 |   134 ||   281
Block: Kite shield       |    58 |    54 |   171 |   298 ||   581

Table legend: (Time is in decaauts)
 A = Elapsed time spent in this place.
 B = Non-inter-level travel time spent in this place.
 C = Inter-level travel time spent in this place.
 D = Time resting spent in this place.
 E = Time spent auto-exploring this place.
 F = Levels seen in this place.
 G = Mean time per level.
                   A        B        C        D        E       F      G
               +--------+--------+--------+--------+--------+-----+--------+
         Total |  12812 |  12202 |    610 |    406 |   9590 |  13 |  985.5 |
       Dungeon |  11846 |  11272 |    574 |     23 |   9303 |  10 | 1184.6 |
        Temple |    190 |    155 |     35 |      0 |    152 |   1 |  190.0 |
         Abyss |    292 |    292 |      0 |     47 |    133 |   1 |  292.0 |
        Bailey |    484 |    484 |      0 |    336 |      2 |   1 |  484.0 |
               +--------+--------+--------+--------+--------+-----+--------+

Top non-repeatable levels by time:
     D:3: 1993 daAuts
     D:6: 1905 daAuts
    D:10: 1476 daAuts
     D:4: 1205 daAuts
     D:9: 1167 daAuts
     D:5: 1070 daAuts
     D:2: 992 daAuts
     D:1: 859 daAuts
     D:8: 627 daAuts
     D:7: 550 daAuts
  Bailey: 484 daAuts
 Abyss:2: 292 daAuts
  Temple: 190 daAuts
